 Dungeon Crawl Stone Soup version 0.22-a0-392-g5dc3fd9 (webtiles) character file.

51 George the Bolt Thrower (level 3, -1/28 HPs)
             Began as a Gnoll Wanderer on May 2, 2018.
             Slain by a kobold (2 damage)
             ... on level 3 of the Dungeon.
             The game lasted 00:03:10 (1349 turns).

George the Bolt Thrower (Gnoll Wanderer)            Turns: 1349, Time: 00:03:10

Health: -1/28      AC:  3    Str: 12    XL:     3   Next: 81%
Magic:  4/4        EV: 11    Int: 16    God:
Gold:   75         SH:  0    Dex: 15    Spells: 3/3 levels left

rFire    . . .     SeeInvis .   m - +0 short sword
rCold    . . .     Gourm    .   (no shield)
rNeg     . . .     Faith    .   j - +0 leather armour
rPois    .         Spirit   .   (no helmet)
rElec    .         Reflect  .   (no cloak)
rCorr    .         Harm     .   (no gloves)
MR       .....                  (no boots)
Stlth    ++........             o - amulet of regeneration
HPRegen  0.49/turn              (no ring)
MPRegen  0.09/turn              (no ring)

@: no status effects
A: distributed training, fangs 1, strong nose
a: no special abilities


You were on level 3 of the Dungeon.
You were hungry.

You visited 1 branch of the dungeon, and saw 3 of its levels.

You collected 75 gold pieces.

Inventory:

Hand Weapons
 a - a +2 hand crossbow
 e - a +0 blowgun
 m - a +0 short sword (weapon)
Missiles
 b - 41 bolts
 d - 23 poisoned needles
 k - 29 stones (quivered)
 l - 3 tomahawks
Armour
 j - a +0 leather armour (worn)
Jewellery
 o - an amulet of regeneration (around neck)
Scrolls
 f - 2 scrolls of remove curse {unknown}
 g - a scroll of fear {unknown}
 i - 2 scrolls of enchant weapon {unknown}
 q - 4 scrolls of identify {unknown}
Potions
 c - a potion of lignification
 n - 3 potions of curing {unknown}
 p - a potion of might {unknown}
 r - a potion of cancellation {unknown}
Comestibles
 h - 2 rations


   Skills:
 + Level 2.6 Fighting
 + Level 2.6 Short Blades
 + Level 0.9 Long Blades
 + Level 0.9 Axes
 + Level 0.9 Maces & Flails
 + Level 0.9 Polearms
 + Level 0.9 Staves
 + Level 0.9 Slings
 + Level 0.9 Bows
 + Level 6.5 Crossbows
 + Level 4.5 Throwing
 + Level 2.6 Armour
 + Level 0.9 Dodging
 + Level 4.2 Stealth
 + Level 0.9 Shields
 + Level 0.9 Unarmed Combat
 + Level 0.9 Spellcasting
 + Level 0.6 Conjurations
 + Level 0.6 Hexes
 + Level 0.6 Charms
 + Level 0.6 Summonings
 + Level 0.6 Necromancy
 + Level 0.6 Translocations
 + Level 0.6 Transmutations
 + Level 0.6 Fire Magic
 + Level 0.6 Ice Magic
 + Level 0.6 Air Magic
 + Level 0.6 Earth Magic
 + Level 0.6 Poison Magic
 + Level 1.0 Invocations
 + Level 0.9 Evocations


You had 3 spell levels left.
You didn't know any spells.

Dungeon Overview and Level Annotations

Branches:
Dungeon (3/15)

Altars:


Innate Abilities, Weirdness & Mutations

Your experience applies equally to all skills.
You have very sharp teeth.
Your uncanny sense of smell can sniff out nearby items.


Message History

You barely miss the orc wizard. The kobold barely misses you.
You completely miss the orc wizard. The orc wizard hits you with a dagger.
The orc hits you but does no damage. The kobold hits you.
You hit the orc wizard.
The orc wizard is moderately wounded.
The orc wizard barely misses you. The orc barely misses you.
The kobold closely misses you. The orc wizard hits you with a dagger.
You hit the orc wizard but do no damage.
The orc wizard is moderately wounded.
The orc wizard hits you with a dagger.
* * * LOW HITPOINT WARNING * * *
The kobold barely misses you.
You hit the orc wizard.
The orc wizard is heavily wounded.
The orc wizard hits you with a dagger.
* * * LOW HITPOINT WARNING * * *
The orc hits you with a hand axe.
* * * LOW HITPOINT WARNING * * *
The kobold hits you.
You die...

#......# ### #.....>+
... +..(...#
####.######......#
##...#...).......#
##.###.#.........#
.....#...........#
##.#......#......####
#.....#.#####+#@o..#
#####+#... #Ko$.#
..### .o...# ...#
(.....# ....#
.......# .# ...(...##
...$)...# ...(.....#


You could see an orc wizard, 2 orcs and a kobold.

Vanquished Creatures
  2 adders (D:2)
  A worm (D:2)
  2 dart slugs (D:2)
  An orc (D:3)
  3 giant cockroaches
  2 goblins
  3 hobgoblins
  2 kobolds
  3 bats
  2 frilled lizards
  4 rats
  A plant (D:1)
26 creatures vanquished.

Notes
Turn   | Place    | Note
-------+----------+-------------------------------------------
     0 | D:1      | George the Gnoll Wanderer began the quest for the Orb.
     0 | D:1      | George set off with: a +2 hand crossbow, 25 bolts, a potion of lignification, 13 poisoned needles, a +0 blowgun, a +0 robe, a +0 dagger, a ration
     0 | D:1      | Reached XP level 1. HP: 17/17 MP: 1/1
   315 | D:1      | Reached XP level 2. HP: 23/23 MP: 2/2
   912 | D:2      | Reached XP level 3. HP: 28/28 MP: 3/3
  1094 | D:2      | Reached skill level 1 in Invocations
  1349 | D:3      | HP: 1/28 [orc/hand axe (2)]
  1349 | D:3      | Slain by a kobold

Vault maps used:
D:1:      dpeg_arrival_simpleton_c, serial_bayou_ford_a
D:2:      serial_park_tiny_1

Skill      XL: |  1  2  3 |
---------------+----------+-----
Invocations    | 1 |  1.0
Fighting       | |  2.6
Short Blades   | |  2.6
Long Blades    | |  0.9
Axes           | |  0.9
Maces & Flails | |  0.9
Polearms       | |  0.9
Staves         | |  0.9
Slings         | |  0.9
Bows           | |  0.9
Crossbows      | |  6.5
Throwing       | |  4.5
Armour         | |  2.6
Dodging        | |  0.9
Stealth        | |  4.2
Shields        | |  0.9
Unarmed Combat | |  0.9
Spellcasting   | |  0.9
Conjurations   | |  0.6
Hexes          | |  0.6
Charms         | |  0.6
Summonings     | |  0.6
Necromancy     | |  0.6
Translocations | |  0.6
Transmutations | |  0.6
Fire Magic     | |  0.6
Ice Magic      | |  0.6
Air Magic      | |  0.6
Earth Magic    | |  0.6
Poison Magic   | |  0.6
Evocations     | |  0.9

Action                   || total
-------------------------++-------
Melee: Short sword       ||   148
       Bite              ||    18
 Fire: Hand crossbow     ||    48
  Eat: Chunk             ||     1
Armor: Leather armour    ||     3
Dodge: Dodged            ||    16

Table legend:
 A = Spawn XP
 B = Non-spawn XP
 C = Spawn XP percentage of total XP
 D = Spawn monster count
 E = Non-spawn monster count
 F = Spawn count percentage of total count
 G = Total turns spent on level
                    A         B        C        D         E        F      G
               +---------+---------+-------+---------+---------+-------+---------
         Total |       0 |      73 |   0.0 |       0 |      25 |   0.0 |  1349
               +---------+---------+-------+---------+---------+-------+---------
           D:1 |       0 |      15 |   0.0 |       0 |      10 |   0.0 |   831
           D:2 |       0 |      51 |   0.0 |       0 |      12 |   0.0 |   482
           D:3 |       0 |       7 |   0.0 |       0 |       3 |   0.0 |    36
               +---------+---------+-------+---------+---------+-------+---------
